 Dungeon Crawl Stone Soup version 0.32-a0-814-g0968bab981 (webtiles) character file.

Game seed: 17487567926422278266

5801 Sygg the Martial Artist (level 10, -4/81 HPs)
             Began as a Yellow Draconian Shapeshifter on Mar 22, 2024.
             Was a Priest of Nemelex Xobeh.
             Shot with an arrow by a centaur warrior (23 damage)
             ... on level 9 of the Dungeon.
             The game lasted 00:12:53 (8826 turns).

Sygg the Martial Artist (DrSh)                      Turns: 8826, Time: 00:12:54

Health: -4/81      AC: 12    Str: 22    XL:     10   Next: 50%
Magic:  15/15      EV: 17    Int: 10    God:    Nemelex Xobeh [***...]
Gold:   239        SH:  0    Dex: 16    Spells: 9/9 levels left

rFire   . .          .
                       - Unarmed
rCold   . . .        (shield currently unavailable)
rNeg    . . .        (body armour unavailable)
rPois   .            (helmet restricted)
rElec   .            E - scarf {repulsion}
rCorr   +            (no gloves)
SInv    .            h - +0 pair of boots
Will    .....        (no amulet)
Stlth   +            O - +4 ring of protection
HPRegen 0.33/turn    S - +6 ring of strength
MPRegen 0.14/turn

%: repel missiles
@: flux-form, glowing
A: glow, contaminating, caustic breath, AC +7, unfitting armour, cold-blooded,
acid resistance
a: Caustic Breath, Begin Untransformation, Renounce Religion, Draw Escape, Draw
Destruction, Draw Summoning, Triple Draw


You were on level 9 of the Dungeon.
You worshipped Nemelex Xobeh.
Nemelex Xobeh was most pleased with you.
You were something dangerously unstable.
You visited 2 branches of the dungeon, and saw 10 of its levels.
You also visited: Sewer.

You collected 498 gold pieces.
You spent 259 gold pieces at shops.

Inventory:

Armour
 h - a +0 pair of boots (worn)
 o - a +0 kite shield
 E - a scarf of repulsion (worn)
 G - an orb of guile
 I - a +0 pair of gloves
Magical Staves
 y - a staff of death {!a}
 A - a staff of fire {!a}
Jewellery
 f - a ring of willpower
 C - a ring of ice
 F - a ring of protection from fire
 L - a ring of flight
 N - a ring of positive energy
 O - a +4 ring of protection (left hand)
 R - a ring of resist corrosion
 S - a +6 ring of strength (right hand)
Talismans
 b - a beast talisman
 c - a flux talisman (active)
Wands
 m - a wand of quicksilver (1)
 s - a wand of flame (20)
 u - a wand of charming (1)
Scrolls
 d - 2 scrolls of teleportation {@r4}
 e - 2 scrolls of noise {unknown}
 g - a scroll of blinking {!r}
 i - 2 scrolls of summoning {unknown}
 j - 2 scrolls of poison {!r}
 l - a scroll of enchant armour
 n - 2 scrolls of revelation {unknown}
 q - a scroll of immolation {unknown}
 t - a scroll of torment {!r}
 w - a scroll of brand weapon {unknown}
 x - a scroll of amnesia
 B - 2 scrolls of identify {@r1}
 J - a scroll of fog {unknown}
Potions
 a - 2 potions of lignification {!q}
 k - a potion of might
 p - a potion of degeneration {!q}
 r - 2 potions of curing {@q1}
 v - a potion of resistance
 z - 5 potions of enlightenment
 D - a potion of ambrosia {unknown}
 H - a potion of brilliance {unknown}
 K - a potion of berserk rage {unknown}


   Skills:
 - Level 5.0 Fighting
 + Level 4.8 Dodging
 - Level 10.0 Unarmed Combat
 * Level 7.5 Invocations
 + Level 8.2 Shapeshifting


You had 9 spell levels left.
You didn't know any spells.
Your spell library contained the following spells:

 Spells                   Type           Power      Damage    Failure   Level
 Call Imp                 Summ           0%         N/A       50%         2
 Lesser Beckoning         Tloc           0%         N/A       50%         2
 Sublimation of Blood     Necr           0%         N/A       50%         2
 Inner Flame              Hex/Fire       0%         N/A       75%         3
 Flame Wave               Conj/Fire      0%         2d4       98%         4
 Arcjolt                  Conj/Air       0%         1d10      100%        5
 Borgnjor's Vile Clutch   Necr/Erth      0%         N/A       100%        5
 Bombard                  Conj/Erth      0%         9d1       100%        6
 Summon Hydra             Summ           0%         N/A       100%        7
 Maxwell's Capacitive Co  Air            0%         ∞         100%        8


Dungeon Overview and Level Annotations

Branches:
Dungeon (9/15)             Temple (1/1) D:7           Sewer (visited)
   Lair: D:8-11         Orc: D:9-12

Altars:
Ashenzari
Cheibriados
Dithmenos
Elyvilon
Fedhas
Gozag
Hepliaklqana
Kikubaaqudgha
Makhleb
Nemelex Xobeh
Okawaru
Ru
Sif Muna
Trog
Uskayaw
Vehumet
Wu Jian
Xom
Yredelemnul
Zin
The Shining One

Shops:
D:1 :   D:3 *   D:8 *


Innate Abilities, Weirdness & Mutations

You are something dangerously unstable.
You glow with magical radiation, making you easy to see and hit.
Foes you strike become dangerously contaminated with magical radiation.
You are incapable of wielding weapons or throwing items.
You can breathe corrosive fumes.
Your golden yellow scales are hard. (AC +7)
You cannot fit into any form of body armour.
You are cold-blooded and may be slowed by cold attacks.
You are resistant to acid. (rCorr)


Message History

Done exploring.
Done exploring.
Done exploring.
Done exploring.
There is an open door here.
There is an open door here.
There is an open door here.
There is an open door here.
There is an open door here.
You open the door.
There is an open door here.
There is an open door here.
There is an open door here.
A centaur warrior comes into view. It is wielding a +0 halberd.
The centaur warrior shouts!
The centaur warrior unwields a +0 halberd.
The centaur warrior wields a +0 orcbow.
The centaur warrior shoots an arrow.
The arrow hits you!
The centaur warrior shoots an arrow.
The arrow hits you!!
There is an open door, spattered with blood here.
You are too injured to fight recklessly!
You are too injured to fight recklessly!
Aiming: Charm
Press: ? - help, Q - select action, (/) - cycle Shift-Dir - straight line, f - centaur warrior
Aim: a centaur warrior, wielding a +0 orcbow (chance to affect: 31%)
The centaur warrior easily resists.
The centaur warrior shoots an arrow.
The arrow hits you.
* * * LOW HITPOINT WARNING * * *
Aiming: Quicksilver Bolt
Press: ? - help, Q - select action, (/) - cycle Shift-Dir - straight line, f/p - centaur warrior
Aim: a centaur warrior, wielding a +0 orcbow (79% to hit)
The bolt of dispelling energy misses the centaur warrior.
The centaur warrior shoots an arrow.
The arrow completely misses you.
Aiming: Quicksilver Bolt
Press: ? - help, Q - select action, (/) - cycle Shift-Dir - straight line, f/p - centaur warrior
Aim: a centaur warrior, wielding a +0 orcbow (79% to hit)
The bolt of dispelling energy hits the centaur warrior!
The centaur warrior shoots an arrow.
The arrow hits you!!
* * * LOW HITPOINT WARNING * * *
Aiming: Quicksilver Bolt
Press: ? - help, Q - select action, (/) - cycle Shift-Dir - straight line, f/p - centaur warrior
Aim: a centaur warrior, wielding a +0 orcbow (moderately wounded, 79% to hit)
The bolt of dispelling energy hits the centaur warrior!
The centaur warrior shoots an arrow.
The arrow hits you!
* * * LOW HITPOINT WARNING * * *
You feel better.
The centaur warrior shoots an arrow.
The arrow is repelled.
You feel better.
The centaur warrior shoots an arrow.
The arrow is repelled.
The centaur warrior shoots an arrow.
The arrow hits you!!
You die...
Your body disappears without additional glow.

........'.##........####.........
..^.....#.##........##...#.......
........#...........##.###.......
........####....<......# #.......
........# #........#### #.....>.
........# ##.####### #.......
####'#### #...## ##.##### ##.#
###..# ##.# ###..# ###p### #..#
....## #.....# #.## ##.## #..c..#
#.# ### # #.....# ###.###### ##ß#
#.....# ###.........
ß...ß#####.....# #...........
.....##.##.....###.#.........
....._#..'.....'...#.........
.....#####.....#####.........


You could see a centaur warrior.

Vanquished Creatures
  A two-headed ogre (D:9)
  Jeremiah (D:8)
  2 trolls (D:9)
  Grinder (D:3)
  5 yaks (D:9)
  A wraith (D:7)
  A wyvern (D:9)
  A steam dragon (D:6)
  An acid dragon (D:9)
  A water moccasin (D:7)
  Duvessa (D:6)
  An orc warrior (D:6)
  3 ice beasts
  2 black bears
  2 ogres
  4 centaurs
  A phantom (D:5)
  3 kobold brigands
  2 bullfrogs
  2 gnoll sergeants
  Dowan (D:6)
  6 killer bees
  A howler monkey (D:9)
  A bombardier beetle (D:4)
  3 jellies
  4 orc priests
  4 hounds
  2 gnoll boudas
  Jessica (D:2)
  5 iguanas
  3 orc wizards (D:6)
  Robin (D:2)
  17 gnolls
  7 adders
  3 dart slugs
  11 orcs
  2 bats (D:1)
  An endoplasm (D:4)
  6 giant cockroaches
  16 goblins
  15 hobgoblins
  2 jackals (Sewer)
  2 quokkas
  9 ball pythons
  3 frilled lizards
  14 kobolds
  8 rats
184 creatures vanquished.

Vanquished Creatures (others)
  A human (D:5)
  A white imp (D:7)
2 creatures vanquished.

Grand Total: 186 creatures vanquished

Notes
Turn   | Place    | Note
-------+----------+-------------------------------------------
     0 | D:1      | Sygg the Draconian Shapeshifter began the quest for the
                  | Orb.
     0 | D:1      | Reached XP level 1. HP: 16/16 MP: 1/1
   233 | D:1      | Reached XP level 2. HP: 23/23 MP: 2/2
   290 | D:1      | Found Vaujamou's Book Boutique.
  1238 | D:2      | Reached XP level 3. HP: 27/28 MP: 3/3
  1290 | D:2      | Noticed Robin
  1388 | D:2      | Noticed Jessica
  1400 | D:2      | Killed Jessica
  1512 | D:2      | Reached XP level 4. HP: 33/35 MP: 4/4
  1605 | D:2      | Killed Robin
  1806 | D:3      | Found a shimmering altar of Xom.
  1808 | D:3      | Found a shimmering altar of Xom.
  2190 | D:3      | Got the Parchment of the Windswept Torch
  2373 | D:3      | Found Byvvi's General Store.
  2381 | D:3      | Bought a potion of might for 40 gold pieces
  2381 | D:3      | Bought a scroll of enchant armour for 75 gold pieces
  2439 | D:3      | Noticed Grinder
  2451 | D:3      | Paralysed by Grinder for 2 turns
  2457 | D:3      | Killed Grinder
  2458 | D:3      | Reached skill level 6 in Shapeshifting
  2458 | D:3      | Reached XP level 5. HP: 29/40 MP: 5/5
  2458 | D:3      | Reached XP level 6. HP: 34/47 MP: 6/6
  2505 | D:3      | Found a sparkling altar of Nemelex Xobeh.
  2655 | D:3      | Became a worshipper of Nemelex Xobeh the Trickster
  2857 | D:4      | Found a snail-covered altar of Cheibriados.
  3308 | D:4      | Your scales start taking on a golden yellow colour.
  3308 | D:4      | Reached XP level 7. HP: 39/55 MP: 7/7
  3308 | D:4      | Gained mutation: You are resistant to acid. (rCorr) [Yellow
                  | Draconian growth]
  3903 | D:5      | Entered Level 5 of the Dungeon
  3911 | D:5      | Reached skill level 4 in Unarmed Combat
  3934 | D:5      | Reached * piety under Nemelex Xobeh
  4101 | D:5      | Reached skill level 3 in Fighting
  4120 | D:5      | Found an ancient bone altar of Kikubaaqudgha.
  4121 | D:5      | Noticed a human
  4124 | D:5      | Killed a human
  4245 | D:5      | Found a broken altar of Ashenzari.
  4269 | D:5      | Reached skill level 5 in Unarmed Combat
  4326 | D:5      | Received a gift from Nemelex Xobeh
  4398 | D:5      | Found a basalt altar of Yredelemnul.
  4542 | D:5      | Reached skill level 6 in Unarmed Combat
  4542 | D:5      | Reached XP level 8. HP: 58/66 MP: 8/8
  4636 | D:5      | Found a burning altar of Makhleb.
  5001 | D:6      | Reached skill level 7 in Unarmed Combat
  5219 | D:6      | Found a glowing drain.
  5223 | Sewer    | Entered a sewer
  5426 | Sewer    | Found a white marble altar of Elyvilon.
  5554 | D:6      | Reached skill level 8 in Unarmed Combat
  5800 | D:6      | Reached skill level 9 in Unarmed Combat
  5800 | D:6      | Reached XP level 9. HP: 27/74 MP: 9/9
  5955 | D:6      | Noticed Dowan
  6081 | D:6      | Noticed Duvessa
  6088 | D:6      | Killed Duvessa
  6122 | D:6      | Killed Dowan
  6127 | D:6      | Found a radiant altar of Vehumet.
  6707 | D:6      | Reached skill level 10 in Unarmed Combat
  6753 | D:7      | Reached skill level 1 in Invocations
  6982 | D:7      | Reached ** piety under Nemelex Xobeh
  7015 | D:7      | Reached skill level 3 in Invocations
  7017 | D:7      | Reached skill level 3 in Dodging
  7316 | D:7      | Found an opulent altar of Gozag.
  7471 | D:7      | Found a staircase to the Ecumenical Temple.
  7487 | Temple   | Entered the Ecumenical Temple
  7587 | D:8      | Found Irenison's Neck Hole.
  7595 | D:8      | Bought a scarf of repulsion for 144 gold pieces
  7705 | D:8      | Noticed Jeremiah
  7717 | D:8      | Killed Jeremiah
  7957 | D:8      | Got the Directory of the Topological Xenolith
  7966 | D:8      | Received a gift from Nemelex Xobeh
  8196 | D:9      | Reached *** piety under Nemelex Xobeh
  8246 | D:9      | Noticed a troll
  8248 | D:9      | Killed a troll
  8249 | D:9      | Reached XP level 10. HP: 81/81 MP: 12/14
  8314 | D:9      | Reached skill level 6 in Invocations
  8396 | D:9      | Noticed a two-headed ogre
  8407 | D:9      | Killed a two-headed ogre
  8456 | D:9      | Found a blossoming altar of Fedhas.
  8544 | D:9      | Found a sacrificial altar of Ru.
  8578 | D:9      | Received a gift from Nemelex Xobeh
  8713 | D:9      | Found a hide-covered altar of Uskayaw.
  8818 | D:9      | Noticed a centaur warrior
  8826 | D:9      | Shot with an arrow by a centaur warrior

Illustrated notes

Levels and vault maps discovered:
D:1:      denvon_arrival_planthouse, layout_basic, serial_shops,
          nicolae_shop_getting_attention
D:2:      layout_rooms, uniq_jessica, uniq_robin
D:3:      layout_basic, xom_redecorated, mainiacjoe_overflow_surrounded_room,
          serial_shops, shop_fountains, uniq_grinder
D:4:      layout_basic, slow_altar_1
D:5:      layout_basic, ashenzari_conservatory_becter, lemuel_round_altar,
          mainiacjoe_overflow_alcove_2, tgw_kikubaaqudgha,
          kennysheep_crisscross, minmay_misc_feat_plants
D:6:      layout_loops_ring, mainiacjoe_overflow_brackets,
          mainiacjoe_sewer_entry_somewhere_in_here_2, uniq_duvessa
D:7:      layout_rooms, lemuel_doored_altar, minmay_temple_entry_proselytizer,
          enter_bailey_4
D:8:      layout_rooms, corexii_hall_statues_x, roderic_nine_men_s_morris,
          glass_columns_b, nicolae_shop_sticking_my_neck_out, uniq_jeremiah
D:9:      layout_roguey, marbit_many_paths, lemuel_crystal_altar,
          nicolae_overflow_hidden_temple, minmay_microvault
Temple:   hellmonk_temple_rainy

Skill      XL: |  1  2  3  4  5  6  7  8  9 10 |
---------------+-------------------------------+-----
Shapeshifting  | 4 6 7 8 |  8.2
Fighting       | 2 4 5 |  5.0
Unarmed Combat | 6 9 10 | 10.0
Dodging        | 3 4 |  4.8
Invocations    | 5 7 |  7.5

Action                     |  1- 3 |  4- 6 |  7- 9 | 10-12 || total
---------------------------+-------+-------+-------+-------++-------
  Melee: Unarmed           |    93 |   119 |   381 |    62 ||   655
         Tailslap          |     7 |    18 |    57 |     9 ||    91
         Punch             |     1 |     1 |     1 |       ||     3
 Invoke: Draw Destruction  |       |       |     2 |     2 ||     4
Ability: Caustic Breath    |       |       |     2 |       ||     2
  Evoke: Wand              |       |       |    24 |     4 ||    28
    Use: Potion            |       |     1 |       |     2 ||     3
         Scroll            |       |       |     9 |       ||     9
 Armour: Skin              |    62 |   102 |   231 |    26 ||   421
  Dodge: Dodged            |    47 |    57 |   327 |    57 ||   488
         Repelled          |       |       |     1 |     2 ||     3
   Form: Flux              |       |       |     1 |       ||     1

Table legend: (Time is in decaauts)
 A = Elapsed time spent in this place.
 B = Non-inter-level travel time spent in this place.
 C = Inter-level travel time spent in this place.
 D = Time resting spent in this place.
 E = Time spent auto-exploring this place.
 F = Levels seen in this place.
 G = Mean time per level.
                   A        B        C        D        E       F      G
               +--------+--------+--------+--------+--------+-----+--------+
         Total |   8798 |   8081 |    717 |    894 |   5900 |  11 |  799.8 |
       Dungeon |   8536 |   7819 |    717 |    894 |   5701 |   9 |  948.4 |
        Temple |      1 |      1 |      0 |      0 |      0 |   1 |    1.0 |
         Sewer |    260 |    260 |      0 |      0 |    199 |   1 |  260.0 |
               +--------+--------+--------+--------+--------+-----+--------+

Top non-repeatable levels by time:
     D:6: 1876 daAuts
     D:4: 1233 daAuts
     D:1: 1156 daAuts
     D:5: 916 daAuts
     D:3: 905 daAuts
     D:8: 649 daAuts
     D:9: 647 daAuts
     D:2: 609 daAuts
     D:7: 541 daAuts
   Sewer: 260 daAuts
  Temple: 1 daAuts
